 Dungeon Crawl Stone Soup version 0.19.5 (webtiles) character file.

362 Peloso the Shield-Bearer (level 6, -14/56 HPs)
             Began as a Minotaur Fighter on Mar 13, 2017.
             Demolished by an ogre
             ... wielding a +0 giant spiked club
              (30 damage)
             ... on level 4 of the Dungeon.
             The game lasted 00:07:19 (2603 turns).

Peloso the Shield-Bearer (Minotaur Fighter)         Turns: 2603, Time: 00:07:19

Health: -14/56     AC: 11    Str: 21    XL:     6   Next: 39%
Magic:  5/5        EV:  6    Int:  5    God:
Gold:   83         SH: 10    Dex: 11    Spells: 0 memorised, 5 levels left

rFire  x . .     SeeInvis .     a - +0 long sword
rCold  + . .     Gourm    .     j - +0 chain mail (curse)
rNeg   . . .     Faith    .     c - +0 shield
rPois  .         Spirit   .     (helmet restricted)
rElec  .         Reflect  .     i - +0 cloak
rCorr  .         Harm     .     (no gloves)
MR     .....                    (no boots)
Stlth  ..........               (no amulet)
                                (no ring)
                                q - ring of ice

@: no status effects
A: retaliatory headbutt, horns 2
a: no special abilities


You were on level 4 of the Dungeon.
You were not hungry.

You visited 1 branch of the dungeon, and saw 4 of its levels.

You collected 83 gold pieces.

Inventory:

Hand Weapons
 a - a +0 long sword (weapon)
Armour
 c - a +0 shield (worn)
 i - a +0 cloak (worn)
 j - a cursed +0 chain mail (worn)
Jewellery
 q - a ring of ice (left hand)
Scrolls
 g - a scroll of noise {unknown}
 h - 2 scrolls of blinking {unknown}
 k - 4 scrolls of identify {unknown}
 l - 2 scrolls of recharging {unknown}
 n - 2 scrolls of fog {unknown}
 p - 4 scrolls of remove curse {unknown}
 r - a scroll of enchant weapon {unknown}
Potions
 d - a potion of invisibility {unknown}
 e - a potion of brilliance {unknown}
 m - 2 potions of lignification {unknown}
 o - a potion of mutation {unknown}
 s - 3 potions of agility {unknown}
 u - a potion of curing
Comestibles
 b - a slice of pizza
 f - 3 bread rations
 t - 2 beef jerkies
 v - 6 chunks of flesh


   Skills:
 + Level 5.0 Fighting
 + Level 4.9 Long Blades
 + Level 5.0 Armour
 + Level 1.2 Dodging
 + Level 5.4 Shields


You had 5 spell levels left.
You didn't know any spells.

Dungeon Overview and Level Annotations

Branches:
Dungeon (4/15)
 Temple: D:4-7

Altars:
Fedhas
Qazlal
Trog
Xom
The Shining One


Innate Abilities, Weirdness & Mutations

You reflexively headbutt those who attack you in melee.
You have a pair of horns on your head.


Message History

Your headbutt misses the worm.
The worm is severely wounded.
You block the worm's attack.
Your shield and chain mail prevent you from hitting the worm.
You headbutt the worm, but do no damage.
The worm is severely wounded.
The hobgoblin hits you but does no damage.
The worm bites you.
The phantom blinks!
You hit the hobgoblin.
You kill the hobgoblin!
The worm bites you.
* * * LOW HITPOINT WARNING * * *
Things that are here:
a club; 16 gold pieces; a hobgoblin corpse You hit the worm.
The worm is severely wounded.
The ogre hits you with a giant spiked club!!
Ouch! That really hurt!
You die...

### #################
##.#####...............#
#........#######.#####.
##.####### #.# ##.######
##@# ........# #Ow#
.......... #..#
##.####.#. #..W......
##.### # ...........
...... #.##.........
##### # #.........
#......... #..
#.........


You could see a phantom, an ogre and a worm.

Vanquished Creatures
  The ghost of humperndinck the Caller, an amateur MfSu (D:3)
  2 orc wizards
  Jessica (D:3)
  Natasha (twice) (D:3)
  A gnoll (D:1)
  2 adders
  2 river rats (D:3)
  2 oozes (D:1)
  3 dart slugs
  3 leopard geckos
  4 orcs
  9 bats
  5 giant cockroaches
  12 goblins
  6 hobgoblins
  7 jackals
  9 kobolds
  2 quokkas (D:3)
  3 ball pythons
  4 frilled lizards
  14 rats
94 creatures vanquished.

Notes
Turn   | Place    | Note
-------+----------+-------------------------------------------
     0 | D:1      | Peloso the Minotaur Fighter began the quest for the Orb.
     0 | D:1      | Reached XP level 1. HP: 19/19 MP: 0/0
    46 | D:1      | Reached XP level 2. HP: 27/27 MP: 1/1
   118 | D:1      | Reached XP level 3. HP: 25/33 MP: 2/2
   698 | D:2      | Found a stormy altar of Qazlal.
   799 | D:2      | Reached XP level 4. HP: 41/41 MP: 3/3
   838 | D:2      | Found a blossoming altar of Fedhas.
   893 | D:2      | Found a shimmering altar of Xom.
   895 | D:2      | Found a bloodstained altar of Trog.
   895 | D:2      | Found a glowing golden altar of the Shining One.
   897 | D:2      | Found a radiant altar of Vehumet.
   897 | D:2      | Found a radiant altar of Vehumet.
   897 | D:2      | Found a blossoming altar of Fedhas.
  1788 | D:3      | Noticed Natasha
  1790 | D:3      | Killed Natasha
  1813 | D:3      | Noticed humperndinck's ghost (amateur MfSu)
  1847 | D:3      | Killed humperndinck's ghost
  1847 | D:3      | Reached XP level 5. HP: 21/47 MP: 4/4
  1888 | D:3      | Noticed Jessica
  1895 | D:3      | Killed Jessica
  1895 | D:3      | Reached skill level 5 in Shields
  2155 | D:3      | Reached skill level 1 in Dodging
  2162 | D:3      | Reached skill level 5 in Fighting
  2317 | D:3      | Reached XP level 6. HP: 56/56 MP: 5/5
  2332 | D:3      | Noticed Natasha
  2347 | D:3      | Killed Natasha
  2528 | D:4      | Reached skill level 5 in Armour
  2603 | D:4      | Demolished by an ogre

Skill      XL: |  1  2  3  4  5  6 |
---------------+-------------------+-----
Shields        | 4 5 |  5.4
Fighting       | 4 5 |  5.0
Armour         | 4 5 |  5.0
Long Blades    | 4 |  4.9
Dodging        | 1 |  1.2

Action                   |  1- 3 |  4- 6 || total
-------------------------+-------+-------++-------
Melee: Long sword        |    95 |   164 ||   259
       Headbutt          |    17 |    29 ||    46
  Use: Potion            |       |     1 ||     1
  Eat: Chunk             |       |     6 ||     6
Armor: Scale mail        |    11 |       ||    11
       Chain mail        |    42 |    91 ||   133
Dodge: Dodged            |    17 |    40 ||    57
Block: Shield            |    62 |   108 ||   170
       Rpst.: Long sword |     8 |    12 ||    20
